 Dungeon Crawl Stone Soup version 0.15-a0-33-ga435e27 (webtiles) character file.

2112 4tharraofdagon the Cleaver (level 8, 24/76 HPs)
             Began as a Deep Dwarf Fighter on Apr 1, 2014.
             Quit the game in the Ecumenical Temple.
             The game lasted 00:13:15 (2071 turns).

4tharraofdagon the Cleaver (Deep Dwarf Fighter)     Turns: 2071, Time: 00:13:15

HP  24/76        AC 11     Str 26      XL: 8   Next: 95%
MP   6/6         EV  6     Int 10      God:
Gold 201         SH 20     Dex 14      Spells:  0 memorised,  7 levels left

rFire  . . .     SeeInvis .     e - +0,-3 broad axe
rCold  . . .     Clarity  .     h - +0 chain mail
rNeg   . . .     Conserve .     c - +0 shield
rPois  .         rCorr    .     (no helmet)
rElec  .         rRot     .     (no cloak)
SustAb . .       Spirit   .     B - +0 pair of gloves
rMut   .         Warding  .     (no boots)
Saprov . . .     Stasis   .     (no amulet)
MR     +....                    (no ring)
                                (no ring)

@: non-regenerating, mighty, somewhat resistant to hostile enchantments,
extremely unstealthy
A: damage resistance, recharge devices, talons 1, thin skeletal structure 1,
sense surroundings 1, slow healing 3, slow metabolism 1
a: Device Recharging


You were in the Ecumenical Temple.
You were not hungry.

You visited 2 branches of the dungeon, and saw 8 of its levels.
You also visited: Ossuary.

You collected 201 gold pieces.

Inventory:

Hand weapons
 a - a cursed +0,+0 war axe
 e - a +0,-3 broad axe (weapon)
Missiles
 j - 17 stones (quivered)
 z - 7 curare-tipped needles
Armour
 b - a cursed +0 scale mail
 c - a +0 shield (worn)
 h - a +0 chain mail (worn)
 k - a cursed +0 scale mail
 q - a +0 scale mail
 B - a +0 pair of gloves (worn)
Magical devices
 d - a wand of heal wounds (2)
 D - a wand of flame (9)
Comestibles
 f - 3 bread rations
 p - a pear
 x - 2 meat rations
Scrolls
 g - a scroll of recharging {unknown}
 l - 6 scrolls of identify
 m - 3 scrolls of magic mapping
 n - 2 scrolls of remove curse
 o - 2 scrolls of random uselessness {unknown}
 s - 2 scrolls of vulnerability {unknown}
 t - a scroll of enchant armour {unknown}
 w - a scroll of immolation {unknown}
 y - a scroll of teleportation {unknown}
 A - a scroll of blinking
Potions
 i - 2 potions of heal wounds
 r - 2 potions of curing
 u - a potion of degeneration
 v - a potion of confusion
 C - a potion of resistance
 E - a potion of might


   Skills:
 + Level 5.9 Fighting
 * Level 9.4 Axes
 + Level 7.0 Armour
 - Level 3.2 Shields


You had 7 spell levels left.
You didn't know any spells.

Dungeon Overview and Level Annotations

Branches:
Dungeon (7/15)             Temple (1/1) D:6

Altars:
Ashenzari
Cheibriados
Dithmenos
Elyvilon
Fedhas
Kikubaaqudgha
Nemelex Xobeh
Okawaru
Sif Muna
Trog
Vehumet
Xom
Yredelemnul
Zin
The Shining One
Jiyva


Innate Abilities, Weirdness & Mutations

You are resistant to damage.
You can recharge devices by infusing magical energy.
You passively map a small area around you.
You do not heal naturally.
You have sharp toenails.
You have a somewhat thin skeletal structure (Dex +2, Stealth).
You have a slow metabolism.


Message History

There is a staircase back to the Dungeon here.
Unknown command.
Found two altars.
Found a sparkling altar of Nemelex Xobeh and a white marble altar of Elyvilon.
Found a blossoming altar of Fedhas.
There is a fountain of clear blue water here.
There is a staircase back to the Dungeon here.
Found a shimmering altar of Xom and an iron altar of Okawaru.
Found a glowing silver altar of Zin and a basalt altar of Yredelemnul.
Found a radiant altar of Vehumet.
There is a fountain of clear blue water here.
Are you sure you want to abandon this character and quit the game? (Confirm with "yes".)
Okay, then.
Welcome back, 4tharraofdagon the Deep Dwarf Fighter.
Press ? for a list of commands and other information.
Unknown command.
Enter note: Unknown command.
Unknown command.
Are you sure you want to abandon this character and quit the game? (Confirm with "yes".)

, ......_...... ,
,,.._............._..
..................... ,,
.......................
_....................._.
.........⌠...⌠..........
,
........................
,
.........................
,
......⌠....<....@......._
.........................
........................
,
.........⌠...⌠..........
,
_....................._.
, .......................
, , .....................
.._............._.. ,
......_......


There were no monsters in sight!

Vanquished Creatures
  The ghost of dragonhide the Basher, an experienced OgGl of Elyvilon (D:6)
  2 ogres
  3 giant frogs (D:6)
  A water moccasin skeleton (D:5)
  9 scorpions
  A wight (D:7)
  An orc priest (D:2)
  A centaur zombie (Ossuary)
  3 hounds
  A human zombie (Ossuary)
  3 orc wizards (D:5)
  2 jellies (D:6)
  3 worker ants (D:6)
  2 iguanas (D:5)
  Ijyb (D:2)
  Terence (D:3)
  3 mummies (Ossuary)
  4 gnolls (D:5)
  4 adders
  2 scorpion zombies (Ossuary)
  A worm (D:4)
  2 giant geckos
  3 oozes
  11 orcs
  3 giant cockroaches
  6 goblins
  6 hobgoblins
  6 jackals (D:3)
  A quokka (D:6)
  10 bats
  A giant newt (D:7)
  5 gnoll zombies (Ossuary)
  A goblin zombie (Ossuary)
  4 hobgoblin zombies (Ossuary)
  3 kobolds
  2 kobold zombies (Ossuary)
  2 orc skeletons
  5 rats
120 creatures vanquished.

Notes
Turn   | Place    | Note
--------------------------------------------------------------
     0 | D:1      | 4tharraofdagon, the Deep Dwarf Fighter, began the quest for the Orb.
     0 | D:1      | Reached XP level 1. HP: 20/20 MP: 1/1
   144 | D:2      | Noticed Ijyb
   168 | D:2      | Killed Ijyb
   168 | D:2      | Reached XP level 2. HP: 22/27 MP: 2/2
   260 | D:1      | Reached XP level 3. HP: 26/34 MP: 3/3
   416 | D:2      | HP: 1/34 [orc priest/club (1)]
   434 | D:2      | Reached skill level 4 in Armour
   434 | D:2      | Reached XP level 4. HP: 32/42 MP: 4/4
   699 | D:3      | Noticed Terence
   713 | D:3      | Killed Terence
   719 | D:4      | Noticed an ogre
   722 | D:4      | Killed an ogre
   722 | D:4      | Reached XP level 5. HP: 47/50 MP: 5/5
   758 | D:5      | Entered Level 5 of the Dungeon
   776 | D:5      | Reached skill level 5 in Axes
   842 | D:5      | Reached XP level 6. HP: 20/57 MP: 6/6
   913 | D:5      | Found a shadowy altar of Dithmenos.
   918 | D:5      | Found a shattered altar of Ashenzari.
   924 | D:5      | Found a bloodstained altar of Trog.
   994 | D:5      | Reached skill level 5 in Armour
   995 | D:5      | Reached skill level 6 in Axes
  1000 | D:5      | Reached XP level 7. HP: 15/66 MP: 6/6
  1052 | D:5      | Noticed an orc warrior
  1086 | D:6      | Gained mutation: You have sharp toenails. [potion of mutation]
  1086 | D:6      | Gained mutation: You have a somewhat thin skeletal structure (Dex +2, Stealth). [potion of mutation]
  1086 | D:6      | Gained mutation: You have a slow metabolism. [potion of mutation]
  1167 | D:5      | Found a sand-covered staircase.
  1173 | Ossuary  | Entered an ossuary
  1264 | Ossuary  | Reached skill level 7 in Axes
  1341 | Ossuary  | Reached skill level 5 in Fighting
  1411 | Ossuary  | Reached XP level 8. HP: 26/74 MP: 6/6
  1595 | D:6      | Reached skill level 8 in Axes
  1639 | D:6      | Noticed dragonhide's ghost (experienced OgGl)
  1797 | D:7      | FUCK
  2022 | D:6      | Found a viscous altar of Jiyva.
  2033 | D:6      | Found a staircase to the Ecumenical Temple.
  2047 | D:6      | Killed dragonhide's ghost
  2047 | D:6      | Reached skill level 9 in Axes
  2055 | Temple   | Entered the Ecumenical Temple
  2071 | Temple   | Quit the game

Action                   |  1- 3 |  4- 6 |  7- 9 || total
-------------------------+-------+-------+-------++-------
Melee: War axe           |    94 |   147 |       ||   241
       Broad axe         |       |    23 |   168 ||   191
Throw: Stone             |     2 |       |       ||     2
 Abil: Device Recharging |       |     1 |     1 ||     2
Evoke: Wand              |     2 |     4 |     8 ||    14
  Use: Potion            |       |     1 |     6 ||     7
       Scroll            |       |       |     5 ||     5
